 Dungeon Crawl Stone Soup version 0.29-a0-892-g2c4c91d9db (webtiles) character file.

Game seed: 16687972877070213505

137 Gwenloh the Conjurer (level 4, -2/36 HPs)
             Began as a Demigod Conjurer on July 22, 2022.
             Slain by a gnoll
             ... wielding a +0 flail
             ... led by a gnoll bouda
              (7 damage)
             ... on level 3 of the Dungeon.
             The game lasted 00:06:27 (3873 turns).

Gwenloh the Conjurer (Demigod Conjurer)             Turns: 3873, Time: 00:06:28

Health: -2/36      AC:  2    Str:  8    XL:     4   Next: 68%
Magic:  4/10       EV: 12    Int: 24    God:
Gold:   110        SH:  0    Dex: 12    Spells: 2/8 levels left

rFire   . . .      SeeInvis .   a - +0 dagger (venom)
rCold   . . .      Faith    .   (no shield)
rNeg    . . .      Spirit   .   i - +0 robe
rPois   .          Reflect  .   (no helmet)
rElec   .          Harm     .   (no cloak)
rCorr   .          Rampage  .   (no gloves)
Will    .....                   (no boots)
Stlth   ++........              (no amulet)
HPRegen 0.12/turn               (no ring)
MPRegen 0.12/turn               (no ring)

@: no status effects
A: high MP 1, forlorn, divine attributes
a: no special abilities


You were on level 3 of the Dungeon.
You visited 1 branch of the dungeon, and saw 4 of its levels.

You collected 250 gold pieces.
You spent 140 gold pieces at shops.

Inventory:

Hand Weapons
 a - a +0 dagger of venom (weapon)
Armour
 i - a +0 robe (worn)
Jewellery
 p - an amulet of guardian spirit
Wands
 n - a wand of flame (24)
Scrolls
 c - 2 scrolls of amnesia {unknown}
 m - a scroll of magic mapping {unknown}
 o - 3 scrolls of identify {unknown}
Potions
 b - 2 potions of magic
 d - 2 potions of heal wounds
 e - a potion of resistance {unknown}
 f - a potion of berserk rage {unknown}
 g - 3 potions of might {unknown}
 h - a potion of haste {unknown}
 j - 4 potions of attraction {unknown}
 k - 3 potions of curing
 l - a potion of cancellation {unknown}


   Skills:
 + Level 1.7 Fighting
 + Level 2.7 Dodging
 - Level 1.7 Stealth
 + Level 2.5 Spellcasting
 + Level 4.1 Conjurations
 + Level 0.9 Hexes


You had 2 spell levels left.
You knew the following spells:

 Your Spells              Type           Power      Damage    Failure   Level
a - Magic Dart            Conj           92%        1d7       1%          1
b - Searing Ray           Conj           46%        2d6       3%          2
c - Dazzling Flash        Conj/Hex       30%        N/A       12%         3

Your spell library contained the following spells:

 Spells                   Type           Power      Damage    Failure   Level
 Slow                     Hex            28%        N/A       8%          1
 Confusing Touch          Hex            7%         N/A       22%         3
 Vampiric Draining        Necr           3%         2d6       34%         3
 Fulminant Prism          Conj/Hex       7%         3d7       36%         4
 Iskenderun's Mystic Bla  Conj/Tloc      13%        2d5       43%         4


Dungeon Overview and Level Annotations

Branches:
Dungeon (4/15)
 Temple: D:4-7

Shops:
D:1 ![   D:2 !


Innate Abilities, Weirdness & Mutations

You have an increased reservoir of magic. (+10% MP)
You shall have no god before yourself.
Your divine heritage dramatically boosts your attributes as you level up.


Message History

The gnoll picks up the pace!
A gnoll comes into view. It is wielding a +0 flail.
Casting: Magic Dart (safe; 1% risk of failure)
Confirm with . or Enter, or press ? or * to list all spells.
Aiming: Searing Ray (safe; 3% risk of failure)
Press: ? - help, Shift-Dir - straight line, f/p - gnoll
Aim: a gnoll, wielding a +0 spear (moderately wounded, covering ground quickly, 81% to hit)
The searing ray hits the gnoll!
The gnoll is almost dead. (Press . to maintain the ray.)
The gnoll misses you.
The searing ray hits the gnoll.
The gnoll is almost dead.
The gnoll closely misses you.
A gnoll comes into view. It is wielding a +0 whip.
The searing ray hits the gnoll!
You kill the gnoll!
The gnoll bouda gazes fiercely through you!
You feel your attacks grow feeble.
You finish channelling your searing ray.
The gnoll hits you with a +0 flail! The gnoll closely misses you.
You climb upwards.
There is a stone staircase leading down here.
The gnoll hits you with a +0 flail. The gnoll attacks as you move away!
The gnoll hits you with a +0 flail!
* * * LOW HITPOINT WARNING * * *
Your attacks no longer feel as feeble.
Casting: Searing Ray (safe; 3% risk of failure)
Confirm with . or Enter, or press ? or * to list all spells.
Aiming: Magic Dart (safe; 1% risk of failure)
Press: ? - help, Shift-Dir - straight line, f - gnoll
Aim: a gnoll, wielding a +0 flail (covering ground quickly, 100% to hit)
The magic dart hits the gnoll.
The gnoll is lightly wounded.
The gnoll closely misses you. The gnoll hits you with a +0 flail.
* * * LOW HITPOINT WARNING * * *
The gnoll hits you with a +0 flail!
You die...

######## #.###.# #........
###......###..##.########.#......
#.............................###
..............##.#...########.###
#.###..#...#...#.#...# #.#..
#.###....#.#.#.#.#...#### #.#..
....#...................# #.#..
....#......#.#.#.#...##.# #.#..
....#.#..###.#..@######.# #.#..
....#.#..# #.##.g# #.# #.#..
....#.#..# #.##..# #.# #.#..
....#.#..# #....># #.# #.#..
....#.#### ####### #.# #.#.)
....#.# #.# #.#.. ......# #.#
#.#.. #.##### #.#####.#.. #.#
#.....#.##.


You could see a gnoll (swift).

Vanquished Creatures
  An orc wizard (D:3)
  A gnoll (D:4)
  2 adders (D:3)
  7 orcs
  7 bats
  10 endoplasms
  3 giant cockroaches
  4 goblins
  5 hobgoblins
  7 jackals
  11 kobolds
  5 ball pythons
  3 frilled lizards
  7 rats
73 creatures vanquished.

Notes
Turn   | Place    | Note
-------+----------+-------------------------------------------
     0 | D:1      | Gwenloh the Demigod Conjurer began the quest for the Orb.
     0 | D:1      | Reached XP level 1. HP: 14/14 MP: 5/5
   203 | D:1      | Found Kown's Antique Armour Shoppe.
   401 | D:1      | Reached XP level 2. HP: 22/22 MP: 4/7
   889 | D:1      | Found Weub Pal's Distillery.
  1494 | D:2      | Reached skill level 1 in Fighting
  1551 | D:2      | You fall into a shaft and drop 1 floor!
  1563 | D:3      | Reached XP level 3. HP: 28/28 MP: 1/8
  1949 | D:2      | Found Paewnoil's Distillery.
  1965 | D:2      | Reached skill level 4 in Conjurations
  2098 | D:1      | Bought a potion of heal wounds for 50 gold pieces
  2098 | D:1      | Bought a potion of curing for 30 gold pieces
  2098 | D:1      | Bought a potion of curing for 30 gold pieces
  2098 | D:1      | Bought a potion of curing for 30 gold pieces
  2210 | D:2      | Learned a level 2 spell: Searing Ray
  2214 | D:2      | Learned a level 3 spell: Dazzling Flash
  2562 | D:3      | Reached XP level 4. HP: 35/35 MP: 2/10
  3873 | D:3      | Slain by a gnoll

Illustrated notes

Levels and vault maps discovered:
D:1:      heliophobic_arrival_glass_houses, layout_loops_ring, serial_shops,
          shop, shop, dreamdust_ecumenical_altar_grove,
          kennysheep_pointless_box, minmay_misc_feat_plants,
          chequers_serial_rivers_marsh
D:2:      layout_loops_ring, serial_shops, nicolae_shop_waterfront
D:3:      layout_basic, mainiacjoe_overflow_alcove_2,
          mainiacjoe_overflow_six_doors_small, minmay_vboxes
D:4:      layout_cave_pools, slow_altar_2, gammafunk_temple_overflow_wave,
          nicolae_vehumet_radiance, serial_shops, nicolae_shop_behind_doors,
          sigmund_army, uniq_menkaure

Skill      XL: |  1  2  3 |
---------------+----------+-----
Dodging        | 2 |  2.7
Spellcasting   | 2 |  2.5
Fighting       | 1 |  1.7
Conjurations   | 4 |  4.1
Stealth        | |  1.7
Hexes          | |  0.9

Action                   |  1- 3 |  4- 6 || total
-------------------------+-------+-------++-------
Melee: Unarmed           |     8 |       ||     8
       Dagger            |    22 |    11 ||    33
 Cast: Magic Dart        |    86 |    33 ||   119
       Searing Ray       |     1 |     4 ||     5
Armor: Robe              |     2 |     6 ||     8
Dodge: Dodged            |    20 |    13 ||    33

Table legend: (Time is in decaauts)
 A = Elapsed time spent in this place.
 B = Non-inter-level travel time spent in this place.
 C = Inter-level travel time spent in this place.
 D = Time resting spent in this place.
 E = Time spent auto-exploring this place.
 F = Levels seen in this place.
 G = Mean time per level.
                   A        B        C        D        E       F      G
               +--------+--------+--------+--------+--------+-----+--------+
         Total |   3879 |   3629 |    250 |     93 |   3175 |   4 |  969.8 |
       Dungeon |   3879 |   3629 |    250 |     93 |   3175 |   4 |  969.8 |
               +--------+--------+--------+--------+--------+-----+--------+

Top non-repeatable levels by time:
     D:1: 1426 daAuts
     D:3: 1409 daAuts
     D:2: 995 daAuts
     D:4: 47 daAuts
